AoeStats
← O grande

Arabia

507464042Analyzed
1v1 RM · 13d ago on Sep 18, 2026· 41m 47s· 2 players
Game mode
Random Map
Map size
Tiny (2 player)
Population
200
Speed
Normal
Resources
Standard
Victory
Conquest
Starting age
Dark Age
Ending age
Imperial Age
RankedLock teamsTeams togetherTeam positionsShared explorationLock speedFull tech treeHidden civsTurbo modeCheats
Victory
Defeat
🇹🇷 Malians · Türkiye
2186
+9
🇧🇷 Khitans · Brazil
2035
-9
Hackali
6:14 Loom
9:06 Feudal Age
9:23 Man-at-Arms
10:46 Double-Bit Axe
15:24 Wheelbarrow
16:26 Fletching
20:55 Castle Age
20:26 Padded Archer Armor
20:09 Horse Collar
20:20 Gold Mining
21:33 Bodkin Arrow
20:58 Crossbowman
24:23 Ballistics
25:21 Bow Saw
26:10 Town Watch
26:28 Heavy Plow
28:00 Scale Barding Armor
29:26 Bloodlines
30:35 Husbandry
31:25 Forging
35:20 Hand Cart
38:05 Chain Barding Armor
40:27 Iron Casting
O grande
6:55 Loom
9:20 Feudal Age
9:52 Double-Bit Axe
16:24 Domestication
17:23 Town Watch
18:55 Scale Barding Armor
20:10 Forging
23:04 Castle Age
23:07 Light Cavalry
23:48 Husbandry
25:24 Husbandry
25:39 Pastoralism
25:52 Bow Saw
30:26 Chain Barding Armor
31:22 Iron Casting
Connection lost

Rejoining the realm…

Still unreachable

The connection could not be restored.

Session expired

The server has moved on; the page needs a fresh start.